 Dungeon Crawl Stone Soup version 0.25.1-2-g60ff931df9 (webtiles) character file.

Game seed: 14219554712240620907

42793 sankara the Grappler (level 14, -1/154 HPs)
             Began as an Ogre Transmuter on Sept 8, 2020.
             Was a High Priest of Ru.
             Slain by a salamander
             ... wielding a +3 trident
              (16 damage)
             ... in a volcano on Sept 9, 2020.
             The game lasted 01:23:18 (26832 turns).

sankara the Grappler (Ogre Transmuter)             Turns: 26832, Time: 01:23:18

Health: -1/154     AC:  2    Str: 17    XL:     14   Next: 21%
Magic:  26/26      EV: 23    Int: 14    God:    Ru [*****.]
Gold:   976        SH:  0    Dex: 18    Spells: 10/29 levels left

rFire    + . .     SeeInvis .     - Unarmed
rCold    x . .     Gourm    .   (shield currently unavailable)
rNeg     . . .     Faith    +   (armour currently unavailable)
rPois    x         Spirit   .   (helmet currently unavailable)
rElec    .         Reflect  .   (cloak currently unavailable)
rCorr    .         Harm     .   (gloves unavailable)
MR       +....                  (boots unavailable)
Stlth    ++........             m - amulet of faith
HPRegen  0.35/turn              q - ring of protection from magic
MPRegen  0.20/turn              P - ring of fire

@: exhausted, spider-form, lightly drained
A: tiny, unfitting armour, inability to use devices, magic vulnerability 1,
inexperienced 1
a: End Transformation, Draw Out Power, Power Leap, Apocalypse, Renounce Religion


You were in a volcano.
You worshipped Ru.
Ru was extremely pleased with you.
You were not hungry.
You were a venomous arachnid creature.
You visited 3 branches of the dungeon, and saw 17 of its levels.
You also visited: Sewer, Ice Cave and Volcano.

You collected 976 gold pieces.

Inventory:

Hand Weapons
 b - a +7 hunting sling (melded)
Missiles
 a - 95 arrows
 e - 325 stones (quivered)
 s - 97 sling bullets
 w - 77 poisoned darts
 y - 12 boomerangs
 J - 2 large rocks
Armour
 D - a +0 cloak (melded)
 K - cursed +0 swamp dragon scales
 N - a +2 hat (melded)
 Q - a +0 kite shield of cold resistance
 R - a +0 troll leather armour (melded)
 U - a +2 robe of positive energy
Jewellery
 m - an amulet of faith (around neck)
 q - a ring of protection from magic (left front leg)
 z - an uncursed ring of protection from magic
 H - an uncursed amulet of guardian spirit
 P - a ring of fire (right front leg)
Scrolls
 h - 10 scrolls of remove curse
 j - 2 scrolls of fog
 p - 4 scrolls of blinking
 r - a scroll of enchant weapon
 u - 3 scrolls of summoning {unknown}
 v - 3 scrolls of magic mapping
 B - a scroll of enchant armour {unknown}
 C - 5 scrolls of teleportation
 W - a scroll of amnesia
 X - 3 scrolls of acquirement {unknown}
Potions
 c - a potion of magic
 f - 8 potions of curing
 k - 3 potions of might
 l - a potion of lignification
 n - 4 potions of brilliance
 t - 3 potions of stabbing
 x - 2 potions of ambrosia
 A - 3 potions of mutation
 E - 3 potions of heal wounds
 F - 4 potions of flight
 I - 2 potions of resistance
 L - a potion of haste
 M - a potion of cancellation {unknown}
 S - 3 potions of berserk rage {unknown}
 Y - a potion of invisibility {unknown}
Comestibles
 d - 17 rations


   Skills:
 + Level 13.8(13.4) Fighting
 - Level 4.0(3.6) Armour
 - Level 5.0(4.6) Dodging
 * Level 14.0(13.6) Unarmed Combat
 - Level 8.0(7.6) Spellcasting
 - Level 2.0(1.6) Necromancy
 - Level 3.0(2.6) Translocations
 - Level 9.0(8.6) Transmutations
 - Level 3.0(2.6) Ice Magic
 + Level 3.3(3.0) Earth Magic
 - Level 3.0(2.6) Poison Magic


You had 10 spell levels left.
You knew the following spells:

 Your Spells              Type           Power        Failure   Level  Hunger
a - Passwall              Tmut/Erth      ###.....     8%          2    None
b - Animate Skeleton      Necr           N/A          19%         1    None
c - Spider Form           Tmut/Pois      ###.......   13%         3    ##.....
d - Sticks to Snakes      Tmut           ####....     3%          2    None
e - Ice Form              Ice/Tmut       ###.....     30%         4    ####...
f - Apportation           Tloc           ##....       14%         1    None
g - Blink                 Tloc           N/A          19%         2    None
h - Petrify               Tmut/Erth      ###.....     28%         4    ####...

Your spell library contained the following spells:

 Spells                   Type           Power        Failure   Level  Hunger
 Beastly Appendage        Tmut           ####..       3%          1    None
 Sandblast                Erth           ##....       13%         1    None
 Sublimation of Blood     Necr           ##........   24%         2    None
 Blade Hands              Tmut           ####......   26%         5    #####..
 Corona                   Hex            #......      32%         1    None
 Magic Dart               Conj           #...         32%         1    None
 Summon Small Mammal      Summ           #...         32%         1    None
 Corpse Rot               Necr/Air       N/A          32%         2    None
 Call Imp                 Summ           #.......     41%         2    None
 Searing Ray              Conj           #.....       41%         2    None
 Slow                     Hex            #.......     41%         2    None
 Stone Arrow              Conj/Erth      #.....       43%         3    ##.....
 Mephitic Cloud           Conj/Pois/Air  #.......     50%         3    ##.....
 Conjure Flame            Conj/Fire      #.......     61%         3    ##.....
 Dazzling Flash           Conj/Hex       #.....       61%         3    ##.....
 Dispel Undead            Necr           ##......     75%         4    ####...
 Yara's Violent Unravell  Hex/Tmut       ###.......   75%         5    #####..
 Iskenderun's Mystic Bla  Conj/Tloc      #.......     80%         4    ####...
 Lee's Rapid Deconstruct  Erth           ##........   88%         5    #####..
 Cause Fear               Hex            #.........   92%         4    ####...
 Fulminant Prism          Conj/Hex       #.........   92%         4    ####...
 Agony                    Necr           ##......     96%         5    #####..
 Metabolic Englaciation   Hex/Ice        #.........   98%         5    #####..
 Excruciating Wounds      Chrm/Necr      #.........   99%         5    #####..
 Silence                  Hex/Air        #.........   99%         5    #####..
 Freezing Cloud           Conj/Ice/Air   #.........   100%        6    #######
 Ozocubu's Refrigeration  Ice            ##........   100%        6    #######
 Simulacrum               Ice/Necr       ##........   100%        6    #######
 Discord                  Hex            #.........   100%        8    #######


Dungeon Overview and Level Annotations

Branches:
Dungeon (11/15)            Temple (1/1) D:6            Lair (5/6) D:8
  Swamp (0/4) Lair:3       Spider (0/4) Lair:2          Orc (0/2) D:11
  Sewer (visited)           IceCv (visited)         Volcano (1/1)
  Slime: Lair:5-6

Altars:
Ashenzari
Cheibriados
Dithmenos
Elyvilon
Fedhas
Gozag
Hepliaklqana
Kikubaaqudgha
Makhleb
Nemelex Xobeh
Okawaru
Qazlal
Ru
Sif Muna
Trog
Uskayaw
Vehumet
Wu Jian
Xom
Yredelemnul
Zin
The Shining One

Shops:
D:8 [


Innate Abilities, Weirdness & Mutations

You are too large for most types of armour.
((You have tough skin. (AC +1)))
You cannot study or use magical devices.
You are slightly vulnerable to magic. (MR-)
You are somewhat inexperienced. (-2 XL)


Message History

You are restored by drawing out deep reserves of power within.
You feel drained. The salamander barely misses you.
The salamander hits you but does no damage.
You hit the salamander but do no damage.
The salamander looks as sick as possible!
The salamander is severely wounded.
The salamander hits you with a +2 halberd!
You are engulfed in flames.
You resist.
* * * LOW HITPOINT WARNING * * *
You hit the salamander.
The salamander looks as sick as possible!
The salamander is severely wounded.
The salamander hits you with a +3 trident!!
* * * LOW HITPOINT WARNING * * *
You are engulfed in flames!
You resist.
* * * LOW HITPOINT WARNING * * *
You focus your will and slow the salamander in retribution!
The air gets thick with the scent of sulphur.
The salamander hits you from afar with a +3 trident!
You die...

### ####≈####
##≈§≈≈≈≈§##
###≈§§≈§≈≈≈≈##
###≈≈≈≈§≈≈≈≈≈≈§# ##
#≈§≈≈≈#######≈≈§≈§#
##≈≈≈###.[[[)###≈≈≈ #
#§§≈##.#.)..s#.##§≈§≈
##§≈≈#..'...).NN.#§§≈≈
##≈≈≈##))')._..'..##§≈§
≈≈§§≈#..)#.....#...#☼○≈
≈≈§≈≈#...#######...#≈§≈
§≈≈≈≈#...'....)+...#§§≈
≈≈§≈≈#...#..≈..#...#§§≈
#≈≈≈≈#...#8≈≈≈8#...#§§≈
#≈≈≈≈##..'..≈..+..##≈≈≈


You could see 2 salamanders.

Vanquished Creatures
  Gastronok (D:8)
  A red draconian (Volcano)
  A white draconian (IceCv)
  Erica (D:8)
  9 death yaks
  Nergalle (Lair:2)
  A salamander mystic (Volcano)
  An unseen horror (D:10)
  Pikel (D:4)
  2 salamanders (Volcano)
  An oklob plant (Lair:1)
  A cyclops (D:9)
  An ice statue (IceCv)
  6 elephants
  2 black mambas (Lair:2)
  Joseph (D:7)
  6 spiny frogs
  Maggie (D:8)
  2 rime drakes
  A komodo dragon (Lair:2)
  A troll (D:10)
  15 polar bears
  A queen bee (D:10)
  A jumping spider (Lair:2)
  2 bog bodies (Lair:3)
  9 hippogriffs
  A human (D:11)
  A wyvern (Lair:3)
  32 yaks
  A hungry ghost (D:7)
  A basilisk (Lair:3)
  2 wargs (D:11)
  Menkaure (D:7)
  2 acid dragons (D:11)
  8 water moccasins
  10 porcupines
  2 orc warriors (D:9)
  2 slaves (D:4)
  4 sky beasts
  A necrophage (D:9)
  14 ice beasts
  5 ogres
  3 black bears
  33 wolves
  7 crocodiles
  2 centaurs (D:9)
  2 big kobolds
  Blork the orc (D:5)
  15 bullfrogs
  A wyvern zombie (D:6)
  6 scorpions
  19 killer bees
  An electric eel (Lair:1)
  6 howler monkeys
  2 crimson imps (D:5)
  A bullfrog zombie (D:7)
  6 hounds
  3 jellies
  A centaur skeleton (D:4)
  7 orc priests
  A bullfrog skeleton (D:7)
  5 iguanas
  Natasha (thrice) (D:4)
  16 orc wizards
  6 worker ants
  2 hound skeletons
  3 worker ant zombies
  A howler monkey skeleton (D:6)
  A gnoll (D:1)
  15 adders
  3 river rats
  2 shadow imps
  3 oozes
  2 adder skeletons (D:9)
  An adder zombie (D:5)
  6 worms
  2 dart slugs
  6 leopard geckos
  36 orcs
  6 ball pythons
  11 bats
  4 giant cockroaches
  8 goblins
  7 hobgoblins
  15 jackals
  7 quokkas
  6 frilled lizards
  A giant cockroach zombie (D:5)
  30 kobolds
  2 leopard gecko zombies
  A quokka skeleton (D:4)
  A quokka zombie (D:5)
  32 rats
  A fungus (D:8)
  A plant (Lair:1)
520 creatures vanquished.

Vanquished Creatures (collateral kills)
  A hydra (Lair:3)
  A two-headed ogre (D:9)
  A salamander (Volcano)
  3 elephants (Lair:3)
  A komodo dragon (Lair:3)
  A yak (IceCv)
  A hungry ghost (D:9)
  A water moccasin (Lair:2)
  A sky beast (D:11)
  A crimson imp (D:8)
  An orc priest (D:6)
  An orc wizard (D:9)
  2 orcs (D:9)
  A goblin (D:2)
  2 rats (Sewer)
19 creatures vanquished.

Vanquished Creatures (others)
  3 hippogriffs
  2 slaves (D:4)
  A killer bee (D:10)
  An orc priest (D:11)
  An iguana (D:4)
  2 orcs
  A ball python (D:4)
  A kobold (Sewer)
  A rat (D:6)
  A fungus (Lair:3)
  A plant (Lair:2)
15 creatures vanquished.

Grand Total: 554 creatures vanquished

Notes
Turn   | Place    | Note
-------+----------+-------------------------------------------
     0 | D:1      | sankara the Ogre Transmuter began the quest for the Orb.
     0 | D:1      | Reached XP level 1. HP: 19/19 MP: 3/3
   251 | D:1      | Reached XP level 2. HP: 28/28 MP: 3/5
   259 | D:1      | Reached skill level 3 in Unarmed Combat
   365 | D:1      | Learned a level 2 spell: Sticks to Snakes
   501 | D:1      | Reached XP level 3. HP: 14/35 MP: 5/7
  1930 | D:2      | Reached XP level 4. HP: 40/42 MP: 8/8
  1990 | D:2      | Learned a level 3 spell: Spider Form
  2575 | D:2      | Noticed a +0 hand axe
  2575 | D:2      | Noticed a +0 dagger
  2579 | D:2      | Found a hide-covered altar of Uskayaw.
  2614 | D:2      | Found a shadowy altar of Dithmenos.
  2617 | D:2      | Found a sacrificial altar of Ru.
  2637 | D:2      | Became a worshipper of Ru the Awakened
  2641 | D:2      | Found a blossoming altar of Fedhas.
  2998 | D:3      | Reached XP level 5. HP: 46/50 MP: 6/9
  4051 | D:4      | Reached skill level 4 in Unarmed Combat
  4051 | D:4      | Reached skill level 1 in Poison Magic
  4216 | D:4      | Reached XP level 6. HP: 53/61 MP: 3/10
  4224 | D:4      | Gained mutation: You cannot study or use magical devices.
                  | [Ru sacrifice]
  4224 | D:4      | Reached * piety under Ru
  4224 | D:4      | Reached ** piety under Ru
  4393 | D:4      | Noticed a slave
  4393 | D:4      | Noticed a slave
  4396 | D:4      | Noticed Pikel
  4396 | D:4      | Noticed Natasha
  4396 | D:4      | Noticed a slave
  4399 | D:4      | Noticed a slave
  4400 | D:4      | Killed a slave
  4403 | D:4      | Killed Natasha
  4435 | D:4      | Killed a slave
  4451 | D:4      | Killed Pikel
  4451 | D:4      | Reached skill level 5 in Unarmed Combat
  4451 | D:4      | Reached XP level 7. HP: 14/71 MP: 7/11
  5000 | D:4      | Reached XP level 8. HP: 78/79 MP: 10/12
  5009 | D:4      | Noticed Natasha
  5018 | D:4      | Killed Natasha
  5167 | D:4      | Noticed Natasha
  5174 | D:4      | Killed Natasha
  5265 | D:5      | Entered Level 5 of the Dungeon
  5345 | D:5      | Noticed Blork the orc
  5357 | D:5      | Killed Blork the orc
  5386 | D:5      | Reached skill level 5 in Fighting
  5423 | D:5      | Reached skill level 6 in Unarmed Combat
  6053 | D:5      | Learned a level 1 spell: Animate Skeleton
  7044 | D:6      | Reached XP level 9. HP: 32/89 MP: 8/13
  7045 | D:6      | Gained mutation: You are somewhat inexperienced. (-2 XL)
                  | [Ru sacrifice]
  7045 | D:6      | Reached XP level 8. HP: 32/83 MP: 8/12
  7045 | D:6      | Reached XP level 7. HP: 32/75 MP: 8/11
  7045 | D:6      | Reached *** piety under Ru
  7045 | D:6      | Reached **** piety under Ru
  7211 | D:6      | Found a shattered altar of Ashenzari.
  7260 | D:6      | Found a glowing drain.
  7268 | D:6      | Reached skill level 1 in Necromancy
  7287 | Sewer    | Entered a sewer
  7550 | Sewer    | Reached skill level 7 in Unarmed Combat
  8620 | D:6      | Reached XP level 8. HP: 71/84 MP: 9/12
  8776 | D:6      | Found a staircase to the Ecumenical Temple.
  8785 | Temple   | Entered the Ecumenical Temple
  9242 | D:7      | Noticed Menkaure
  9252 | D:7      | Killed Menkaure
  9252 | D:7      | Reached skill level 5 in Transmutations
  9666 | D:7      | Noticed Joseph
  9684 | D:7      | Killed Joseph
  9704 | D:7      | Reached skill level 5 in Dodging
 10231 | D:7      | Reached XP level 9. HP: 93/93 MP: 9/13
 10297 | D:7      | Reached skill level 8 in Unarmed Combat
 10735 | D:8      | Noticed Erica
 10752 | D:8      | Killed Erica
 11127 | D:8      | Found a staircase to the Lair.
 11267 | D:8      | Noticed Gastronok
 11280 | D:8      | Killed Gastronok
 11280 | D:8      | Reached skill level 9 in Unarmed Combat
 11280 | D:8      | Reached XP level 10. HP: 106/106 MP: 13/17
 11461 | D:8      | Reached skill level 5 in Spellcasting
 11549 | D:8      | Found Fabrom's Antique Armour Boutique.
 11557 | D:8      | Learned a level 2 spell: Passwall
 11559 | D:8      | Learned a level 1 spell: Apportation
 11562 | D:8      | Learned a level 2 spell: Blink
 11567 | D:8      | Learned a level 4 spell: Ice Form
 11874 | D:8      | Noticed Maggie
 11888 | D:8      | Killed Maggie
 12015 | D:8      | Found a shimmering blue altar of Sif Muna.
 12146 | D:9      | Noticed a two-headed ogre
 12154 | D:9      | Killed a two-headed ogre
 12403 | D:9      | Reached skill level 10 in Unarmed Combat
 12654 | D:9      | Reached XP level 11. HP: 106/117 MP: 16/19
 12726 | D:9      | Reached skill level 1 in Ice Magic
 13713 | D:9      | Noticed a cyclops
 13726 | D:9      | Killed a cyclops
 14090 | D:10     | Entered Level 10 of the Dungeon
 14150 | D:10     | Reached skill level 1 in Earth Magic
 14171 | D:10     | Reached skill level 10 in Fighting
 14996 | D:10     | Killed an unseen horror
 15443 | D:10     | Noticed a sea snake
 15475 | D:10     | Noticed a sea snake
 16515 | D:11     | Reached skill level 1 in Translocations
 17670 | D:11     | Found a staircase to the Orcish Mines.
 17776 | D:11     | Reached skill level 11 in Unarmed Combat
 17816 | D:11     | Found a stormy altar of Qazlal.
 18211 | Lair:1   | Entered Level 1 of the Lair of Beasts
 18562 | Lair:1   | Reached XP level 12. HP: 128/128 MP: 18/22
 18612 | Lair:1   | Reached skill level 1 in Armour
 19376 | Lair:2   | Noticed Nergalle
 19391 | Lair:2   | Killed Nergalle
 20028 | Lair:2   | Found a frozen archway.
 20081 | IceCv    | Entered an ice cave
 20565 | IceCv    | Reached skill level 12 in Unarmed Combat
 20891 | IceCv    | Noticed a death yak
 20905 | IceCv    | Reached XP level 13. HP: 139/139 MP: 25/25
 21081 | IceCv    | Noticed a white draconian
 21097 | IceCv    | Killed a white draconian
 21899 | Lair:2   | Found a hole to the Spider Nest.
 23316 | Lair:3   | Found a staircase to the Swamp.
 23362 | Lair:3   | Reached skill level 13 in Unarmed Combat
 24992 | Lair:4   | Reached XP level 14. HP: 133/153 MP: 23/26
 25066 | Lair:4   | Gained mutation: You are slightly vulnerable to magic.
                  | (MR-) [Ru sacrifice]
 25066 | Lair:4   | Reached ***** piety under Ru
 26442 | Lair:5   | Found a dark tunnel.
 26492 | Lair:5   | Learned a level 4 spell: Petrify
 26495 | Volcano  | Entered a volcano
 26530 | Volcano  | Found a bloodstained altar of Trog.
 26531 | Volcano  | Noticed a red draconian
 26550 | Volcano  | Reached skill level 14 in Unarmed Combat
 26688 | Volcano  | Killed a red draconian
 26832 | Volcano  | Slain by a salamander

Illustrated notes

Levels and vault maps discovered:
D:1:      heliophobic_arrival_glass_houses, layout_basic,
          chequers_serial_rivers_micro_e, minivault_5
D:2:      layout_loops_ring, dancing_weapons_uskayaw,
          grunt_temple_overflow_diamond, first_ration
D:3:      layout_loops_ring
D:4:      layout_rooms, uniq_pikel, uniq_natasha
D:5:      layout_layer_cave, grunt_ministairs_8, serial_bayou_pond_d,
          minmay_a_box_with_orc_wizards_in_it, uniq_blork_the_orc
D:6:      layout_cave_pools, minmay_temple_entry_poolview, basic_altar,
          portal_sewer_entry_c, serial_park, serial_park_square3
          [serial_park_minivault_5x5_6], serial_park_square1
          [serial_park_minivault_5x5_6], serial_park_tiny_1,
          serial_park_tiny_pond, minmay_misc_feat_five
D:7:      layout_rooms, serial_co_window_serial, co_window_paths_b,
          co_window_paths_a, co_window_paths_b, co_window_paths_a,
          co_window_corner_a, co_window_2corner, co_window_2corner,
          co_window_broadway_a, co_window_broadway_b, co_window_4corner_a,
          glass_columns_b, glass_columns_b, glass_columns_a, uniq_menkaure,
          uniq_joseph
D:8:      layout_loops_corners, kennysheep_mini, dpeg_oklobed_lair,
          serial_shops, nicolae_shop_competitors_out_of_business,
          uniq_gastronok, uniq_erica, uniq_maggie
D:9:      minmay_ornate_pinched, layout_basic
D:10:     layout_loops_ring, serial_aquarium, aquarium_bridge_island_small
          [aquarium_subvault_small_water, aquarium_subvault_bridge,
          aquarium_subvault_window, aquarium_subvault_balcony,
          aquarium_subvault_bridge], aquarium_window_1, aquarium_window_1,
          aquarium_window_corridor_1, aquarium_window_2, aquarium_view_2g,
          aquarium_view_2d, aquarium_balcony_3a, david_nohive_1,
          serial_bayou_pond_d
D:11:     layout_rooms, erik_orc_4, basic_altar
Temple:   minmay_crystal_spiral_temple
Lair:1:   layout_cave_pods, minmay_lair_oklob_chamber, serial_bayou_shore_a
Lair:2:   layout_cave_pods, spider_nest_entry_rubble,
          portal_ice_cave_entry_ice_beasts, uniq_nergalle
Lair:3:   layout_regular_city, skrybe_swamp_entry_bodies,
          grunt_forest_small_clearings, chequers_serial_rivers_large_a
Lair:4:   layout_cave_pods, grunt_megastairs_1
Lair:5:   layout_regular_city, nicolae_volcano_entry_lava_flow
Volcano:  kennysheep_volcano_temple

Skill      XL: |  1  2  3  4  5  6  7  8  9 10 11 12 13 14 |
---------------+-------------------------------------------+-----
Unarmed Combat | 3 4 5 7 6 9 10 11 12 13 14 | 14.0
Dodging        | 2 3 5 |  5.0
Transmutations | 2 3 5 6 7 9 |  9.0
Fighting       | 2 3 4 7 8 9 10 11 13 | 13.8
Spellcasting   | 3 4 5 7 8 |  8.0
Poison Magic   | 1 2 3 |  3.0
Necromancy     | 1 2 |  2.0
Ice Magic      | 3 |  3.0
Earth Magic    | 2 3 |  3.3
Translocations | 1 3 |  3.0
Armour         | 3 4 |  4.0

Action                   |  1- 3 |  4- 6 |  7- 9 | 10-12 | 13-15 || total
-------------------------+-------+-------+-------+-------+-------++-------
Melee: Unarmed           |   146 |   245 |   447 |   655 |   328 ||  1821
       Kick              |     6 |    13 |     5 |       |       ||    24
       Punch             |     2 |     2 |     2 |       |       ||     6
       Headbutt          |    13 |     5 |     6 |       |       ||    24
 Fire: Hunting sling     |       |       |     1 |    32 |    17 ||    50
 Cast: Beastly Appendage |    24 |    22 |     9 |       |       ||    55
       Sticks to Snakes  |     1 |       |       |       |     6 ||     7
       Spider Form       |       |    16 |    60 |    62 |    33 ||   171
       Animate Skeleton  |       |       |    42 |    66 |    39 ||   147
       Ice Form          |       |       |       |    13 |    13 ||    26
Invok: Sacrifice Artific |       |     1 |       |       |       ||     1
       Draw Out Power    |       |       |     1 |     1 |     2 ||     4
       Sacrifice Experie |       |       |     1 |       |       ||     1
       Reject Sacrifices |       |       |     1 |     1 |     1 ||     3
       Sacrifice Essence |       |       |       |       |     1 ||     1
 Abil: End Transformatio |       |       |     2 |     2 |     1 ||     5
  Use: Scroll            |       |       |     2 |    20 |     4 ||    26
 Stab: Distracted        |       |     1 |     1 |     4 |     6 ||    12
       Invisible         |       |       |     4 |     5 |     9 ||    18
       Sleeping          |       |       |     2 |       |     1 ||     3
       Paralysed         |       |       |       |     1 |     1 ||     2
  Eat: Chunk             |     3 |    11 |    28 |    24 |    19 ||    85
       Ration            |       |       |     1 |     4 |     1 ||     6
Armor: Robe              |    55 |    42 |    10 |     6 |       ||   113
       Skin              |       |     6 |    18 |    44 |    20 ||    88
       Troll leather arm |       |       |       |     1 |     5 ||     6
Dodge: Dodged            |    78 |   167 |   318 |   521 |   241 ||  1325
